 Dungeon Crawl Stone Soup version 0.22-a0-280-g69bf1f3 (webtiles) character file.

960 mhoghedin the Bolt Thrower (level 8, 0/54 HPs)
             Began as a Halfling Hunter on Mar 17, 2018.
             Was a Follower of Cheibriados.
             Slain by a wight
             ... wielding a +4 spear
              (2 damage)
             ... on level 6 of the Dungeon.
             The game lasted 00:12:00 (5066 turns).

mhoghedin the Bolt Thrower (Halfling Hunter)        Turns: 5066, Time: 00:12:01

Health: 0/54       AC:  4    Str: 17    XL:     8   Next: 37%
Magic:  8/8        EV: 14    Int: 13    God:    Cheibriados [*.....]
Gold:   215        SH:  4    Dex: 18    Spells: 7/7 levels left

rFire    . . .     SeeInvis .   a - +1 war axe (elec)
rCold    . . .     Gourm    .   (shield restricted)
rNeg     . . .     Faith    .   c - +0 leather armour
rPois    .         Spirit   .   p - +0 helmet
rElec    .         Reflect  +   (no cloak)
rCorr    .         Harm     .   (no gloves)
MR       .....                  (no boots)
Stlth    +.........             o - +4 amulet of reflection
HPRegen  0.18/turn              (no ring)
MPRegen  0.11/turn              (no ring)

@: very slightly contaminated, heavily drained, invisible, very slow
A: small, mutation resistance 1
a: Bend Time, Renounce Religion


You were on level 6 of the Dungeon.
You worshipped Cheibriados.
Cheibriados was aware of your devotion.
You were not hungry.

You visited 1 branch of the dungeon, and saw 6 of its levels.

You collected 215 gold pieces.

Inventory:

Hand Weapons
 a - a +1 war axe of electrocution (weapon)
   (You took it off an orc on level 4 of the Dungeon)
 b - a +1 hand crossbow
 r - a +2 dagger of venom
   (You took it off a goblin on level 1 of the Dungeon)
 t - a +0 vampiric war axe {!w}
   (You took it off an orc priest on level 4 of the Dungeon)
Missiles
 d - 34 bolts
Armour
 c - a +0 leather armour (worn)
 p - a +0 helmet (worn)
   (You took it off Robin on level 2 of the Dungeon)
Jewellery
 o - a +4 amulet of reflection (around neck)
   (You found it on level 2 of the Dungeon)
Wands
 s - a wand of flame (36)
   (You found it on level 2 of the Dungeon)
Scrolls
 e - 3 scrolls of enchant weapon
 l - a scroll of amnesia
 m - 2 scrolls of remove curse
 q - a scroll of identify
Potions
 g - a potion of flight {unknown}
 h - a potion of degeneration {!q}
 i - a potion of haste {unknown}
 k - 2 potions of cancellation
Comestibles
 f - 5 rations


   Skills:
 + Level 3.7(1.8) Fighting
 - Level 5.1(3.1) Short Blades
 + Level 3.8(1.9) Axes
 - Level 7.0(4.9) Crossbows
 - Level 3.6(1.7) Dodging
 - Level 1.2(0.0) Stealth


You had 7 spell levels left.
You didn't know any spells.

Dungeon Overview and Level Annotations

Branches:
Dungeon (6/15)             Temple (0/1) D:4

Altars:
Cheibriados
Makhleb
Sif Muna
Zin
The Shining One


Innate Abilities, Weirdness & Mutations

You are small and have problems with some larger weapons.
You are somewhat resistant to further mutation.


Message History

No target in view!
No target in view!
No target in view!
You start resting.
You hear the brisk rusting of a very distant drain.
You regained 8 hp, and now have 41/53 hp.
Things that are here:
a halberd; a gnoll corpse You see here 2 arrows.
Things that are here:
a whip; a gnoll corpse
d - 29 bolts (gained 1)
d - 30 bolts (gained 1)
d - 31 bolts (gained 1)
d - 33 bolts (gained 2)
You now have 201 gold pieces (gained 13).
Things that are here:
a shortbow of freezing; 15 arrows; a centaur corpse
d - 34 bolts (gained 1)
You see here a flail.
Things that are here:
a shortbow of freezing; 15 arrows; a centaur corpse
Found a glowing silver altar of Zin.
You regained 4 hp, and now have 46/53 hp.
You now have 215 gold pieces (gained 14).
You hear the brisk rusting of a very distant drain.
Found a burning altar of Makhleb.
You regained 6 hp, and now have 52/53 hp.
Adjust to which letter? (? for menu, Esc to quit)
a - a +1 war axe of electrocution (weapon)
r - a +2 dagger of venom
There is a burning altar of Makhleb here.
Found a stone staircase leading down.
Health restored: 53
Found a stone staircase leading down.
You hear the quick rusting of a very distant drain.
The wight is too close now for your liking.
A wight is nearby!
The wight hits you with a scimitar!
You feel drained.
You take 9 damage, and have 44/53 hp.
You slash the wight! The wight hits you with a scimitar.
You feel drained. The wight misses you.
You take 7 damage, and have 37/53 hp.
You hit the wight but do no damage.
The wight hits you from afar with an enchanted spear!
You feel drained. The wight completely misses you.
You take 8 damage, and have 29/53 hp.
You are too injured to fight recklessly!
You are too injured to fight recklessly!
You are too injured to fight recklessly!
You closely miss the wight.
The wight hits you from afar with an enchanted spear!
The wight closely misses you.
You take 10 damage, and have 19/53 hp.
You barely miss the wight.
The wight hits you from afar with an enchanted spear.
* * * LOW HITPOINT WARNING * * *
You feel drained.
* * * LOW HITPOINT WARNING * * *
The wight closely misses you.
You take 6 damage, and have 13/53 hp.
Okay, then.
Unknown command.
Okay, then.
Unknown command.
You slash the wight! Lightning courses through the wight!
You destroy the wight!
Cheibriados appreciates the change of pace.
Cheibriados raises the support of your attributes as your movement slows.
The wight closely misses you.
The wight hits you from afar with an enchanted spear.
* * * LOW HITPOINT WARNING * * *
You feel drained.
You take 3 damage, and have 10/54 hp.
Okay, then.
Unknown command.
It was a potion of invisibility.
You fade into invisibility!
You block the wight's attack.
You are very lightly contaminated with residual magic.
The wight barely misses you. The wight misses you.
The wight closely misses you. The wight misses you.
You catch the helpless wight completely off-guard!
You slash the wight! You block the wight's attack.
You closely miss the wight. The wight barely misses you.
You closely miss the wight. The wight closely misses you.
The wight hits you with an enchanted spear.
* * * LOW HITPOINT WARNING * * *
You feel drained.
You take 4 damage, and have 8/54 hp.
You strike the helpless wight from behind!
You hit the wight but do no damage.
The wight hits you from afar with an enchanted spear.
* * * LOW HITPOINT WARNING * * *
You feel drained.
You die...

##......### #.##
##.......... ...
##..#.####### #.#
##.###..# #.## ##.##
##.## #..# # ...##
#..# ##..##.## ....#
##.## ###.z..)..#
....#
#..####....##.......
....# ##.##...@###
#...### .....#
#.....### ..##
....... #...### .#
............## ..
....>..>....# .#
...........## .#
#....... .#.###.. .#
##


You could see a wight.

Vanquished Creatures
  Edmund (D:5)
  A sky beast (D:6)
  A centaur (D:6)
  A scorpion (D:4)
  A wight (D:6)
  2 crimson imps (D:5)
  2 hounds
  2 orc priests (D:4)
  An iguana (D:4)
  2 orc wizards (D:4)
  2 worker ants (D:5)
  Robin (D:2)
  4 adders
  8 gnolls
  An ooze (D:3)
  An adder zombie (D:5)
  A worm (D:5)
  An adder skeleton (D:5)
  6 dart slugs
  2 leopard geckos
  10 orcs
  2 ball pythons
  3 giant cockroaches
  17 hobgoblins
  3 jackals (D:1)
  2 quokkas
  A ball python skeleton (D:4)
  8 bats
  9 frilled lizards
  18 goblins
  5 kobolds
  A quokka zombie (D:5)
  6 rats
126 creatures vanquished.

Notes
Turn   | Place    | Note
-------+----------+-------------------------------------------
     0 | D:1      | mhoghedin the Halfling Hunter began the quest for the Orb.
     0 | D:1      | Reached XP level 1. HP: 14/14 MP: 1/1
   114 | D:1      | Reached XP level 2. HP: 19/19 MP: 2/2
   214 | D:1      | Reached skill level 5 in Crossbows
   410 | D:1      | Reached XP level 3. HP: 24/24 MP: 3/3
   511 | D:1      | Reached skill level 1 in Short Blades
  1053 | D:2      | Reached XP level 4. HP: 25/29 MP: 4/4
  1060 | D:2      | Reached skill level 2 in Short Blades
  1220 | D:2      | Noticed Robin
  1469 | D:2      | Killed Robin
  1612 | D:2      | Reached XP level 5. HP: 34/34 MP: 5/5
  1971 | D:2      | Found a deep blue altar of Sif Muna.
  2051 | D:3      | Reached skill level 6 in Crossbows
  2072 | D:3      | Reached skill level 3 in Short Blades
  2293 | D:3      | Found a glowing golden altar of the Shining One.
  2626 | D:4      | Found a snail-covered altar of Cheibriados.
  2678 | D:4      | Became a worshipper of Cheibriados the Contemplative
  2683 | D:4      | Reached XP level 6. HP: 22/39 MP: 6/6
  2694 | D:4      | HP: 1/39 [orc wizard/magic dart (10)]
  2699 | D:4      | Reached skill level 4 in Short Blades
  2897 | D:4      | Found a staircase to the Ecumenical Temple.
  2921 | D:4      | Noticed a phantom
  2946 | D:4      | HP: 5/39 [phantom (8)]
  3120 | D:4      | Reached skill level 7 in Crossbows
  3203 | D:4      | Reached skill level 2 in Fighting
  3203 | D:4      | Reached XP level 7. HP: 29/45 MP: 7/7
  3350 | D:4      | Reached skill level 5 in Short Blades
  3488 | D:4      | HP: 6/45 [orc priest/divine providence (14)]
  3493 | D:4      | Reached * piety under Cheibriados
  3900 | D:5      | Entered Level 5 of the Dungeon
  3978 | D:5      | Reached skill level 1 in Axes
  3978 | D:5      | Reached skill level 3 in Dodging
  4557 | D:5      | Reached skill level 2 in Axes
  4570 | D:5      | Noticed Edmund
  4639 | D:5      | Killed Edmund
  4639 | D:5      | Reached XP level 8. HP: 51/51 MP: 8/8
  4733 | D:6      | Reached skill level 3 in Fighting
  4733 | D:6      | Reached skill level 3 in Axes
  4978 | D:6      | Found a glowing silver altar of Zin.
  5002 | D:6      | Found a burning altar of Makhleb.
  5052 | D:6      | HP: 13/53 [wight/enchanted spear (1)]
  5064 | D:6      | HP: 8/54 [wight/enchanted spear (5)]
  5066 | D:6      | HP: 2/54 [wight/enchanted spear (6)]
  5066 | D:6      | Slain by a wight

Vault maps used:
D:1:      elethiomel_arrival_shortcut, serial_forest,
          infiniplex_forest_clump_large, infiniplex_forest_end_2,
          infiniplex_forest_zigzag_1, infiniplex_forest_clump_large,
          infiniplex_forest_lined_room_2
D:2:      minmay_crystal_room, led_sif_pool, uniq_robin
D:3:      nicolae_tso_carved_into_rock, first_ration
D:4:      temple_doors_e, kennysheep_slug_shrine
D:5:      uniq_edmund
D:6:      overflow_temple_1_default, kennysheep_little_box, basic_altar,
          portal_sewer_entry_e

Skill      XL: |  1  2  3  4  5  6  7  8 |
---------------+-------------------------+-----
Crossbows      | 5 6 7 |  7.0
Short Blades   | 1 2 3 4 5 |  5.1
Fighting       | 2 3 |  3.7
Axes           | 2 3 |  3.8
Dodging        | 3 |  3.6
Stealth        | |  1.2

Action                   |  1- 3 |  4- 6 |  7- 9 || total
-------------------------+-------+-------+-------++-------
Melee: Dagger            |     9 |   112 |    29 ||   150
       War axe           |       |       |    61 ||    61
 Fire: Hand crossbow     |    62 |    79 |    15 ||   156
Invok: Bend Time         |       |     1 |       ||     1
Evoke: Wand              |       |       |     6 ||     6
  Use: Potion            |       |     5 |     1 ||     6
       Scroll            |       |     3 |     3 ||     6
 Stab: Sleeping          |       |     1 |     1 ||     2
       Invisible         |       |       |     2 ||     2
  Eat: Ration            |       |     1 |     1 ||     2
       Chunk             |       |     3 |     3 ||     6
Armor: Leather armour    |     3 |    24 |     8 ||    35
Dodge: Dodged            |    18 |    78 |    60 ||   156
Block: Other             |       |    10 |    13 ||    23

Table legend:
 A = Spawn XP
 B = Non-spawn XP
 C = Spawn XP percentage of total XP
 D = Spawn monster count
 E = Non-spawn monster count
 F = Spawn count percentage of total count
 G = Total turns spent on level
                    A         B        C        D         E        F      G
               +---------+---------+-------+---------+---------+-------+---------
         Total |       0 |    1372 |   0.0 |       0 |     126 |   0.0 |  5066
               +---------+---------+-------+---------+---------+-------+---------
           D:1 |       0 |      48 |   0.0 |       0 |      27 |   0.0 |  1066
           D:2 |       0 |     115 |   0.0 |       0 |      36 |   0.0 |   954
           D:3 |       0 |      39 |   0.0 |       0 |      19 |   0.0 |   601
           D:4 |       0 |     406 |   0.0 |       0 |      23 |   0.0 |  1279
           D:5 |       0 |     407 |   0.0 |       0 |      14 |   0.0 |   803
           D:6 |       0 |     357 |   0.0 |       0 |       7 |   0.0 |   363
               +---------+---------+-------+---------+---------+-------+---------

Vault maps used:
D:1:      elethiomel_arrival_shortcut, serial_forest,
          infiniplex_forest_clump_large, infiniplex_forest_end_2,
          infiniplex_forest_zigzag_1, infiniplex_forest_clump_large,
          infiniplex_forest_lined_room_2
D:2:      minmay_crystal_room, led_sif_pool, uniq_robin
D:3:      nicolae_tso_carved_into_rock, first_ration
D:4:      temple_doors_e, kennysheep_slug_shrine
D:5:      uniq_edmund
D:6:      overflow_temple_1_default, kennysheep_little_box, basic_altar,
          portal_sewer_entry_e

Table legend:
 A = Turns spent in this place as a percentage of turns spent in the entire game.
 B = Non-inter-level travel turns spent in this place as a percentage of non-inter-level travel turns spent in the entire game.
 C = Inter-level travel turns spent in this place as a percentage of turns spent in this place.
 D = Turns resting spent in this place as a percentage of non-inter-level travel turns spent in this place.
 E = Turns spent auto-exploring this place as a percentage of non-inter-level travel turns spent in this place.
 F = Non-inter-level travel turns spent in this place divided by the number of levels of this place that you've seen.
                   A       B       C       D       E      F
               +-------+-------+-------+-------+-------+----------------------
         Total | 100.0 | 100.0 |   4.4 |  23.7 |  59.6 | 807.3
       Dungeon | 100.0 | 100.0 |   4.4 |  23.7 |  59.6 | 807.3
               +-------+-------+-------+-------+-------+----------------------

Table legend:
 A = Kills in this place as a percentage of kills in entire the game.
 B = Kills by you in this place as a percentage of kills by you in the entire game.
 C = Kills by friends in this place as a percentage of kills by friends in the entire game.
 D = Other kills in this place as a percentage of other kills in the entire game.
 E = Experience gained in this place as a percentage of experience gained in the entire game.
 F = Experience gained in this place divided by the number of levels of this place that you have seen.
                   A       B       C       D       E      F
               +-------+-------+-------+-------+-------+----------------------
         Total | 100.0 | 100.0 |   N/A |   N/A | 100.0 | 228.7
       Dungeon | 100.0 | 100.0 |   N/A |   N/A | 100.0 | 228.7
               +-------+-------+-------+-------+-------+----------------------
